Canadiens vs Nordiques
Created - 8 mars 2014 at 19:46
Goals
|
| Canadiens |
1 |
1 |
2 |
4 |
| Nordiques |
3 |
3 |
0 |
6 |
|
Shots
|
| Canadiens |
14 |
9 |
7 |
30 |
| Nordiques |
10 |
15 |
8 |
33 |
|
1st period
1. Canadiens , Patrick Marleau 29 (Marek Svatos, Éric Desjardins) at 2:40
2. Nordiques , Vincent Lecavalier 37 (Jordan Leopold) at 13:21
3. Nordiques , Ryan Whitney 7 (Chris Phillips, Vincent Lecavalier) at 15:37 (PP)
4. Nordiques , Rickard Wallin 4 (Ryan Whitney, Lubomir Visnovsky) at 17:11
Penalties :
Tomas Kloucek (Mon) for Roughing (Minor) at 15:27, Viktor Kozlov (Mon) for Holding (Minor) at 17:17
2nd period
5. Nordiques , Simon Gagné 43 (Vincent Lecavalier, Lubomir Visnovsky) at 7:12
6. Nordiques , Maxim Afinogenov 31 (Tyler Arnason) at 9:01 (PP)
7. Canadiens , Marek Svatos 32 (Viktor Kozlov) at 12:23
8. Nordiques , Simon Gagné 44 (Vincent Lecavalier, Chris Phillips) at 19:28
Penalties :
Vincent Lecavalier (Que) for Holding (Minor) at 2:33, Viktor Kozlov (Mon) for Holding Stick (Minor) at 7:23, Patrick Marleau (Mon) for Tripping (Minor) at 8:56, Mike York (Mon) for Hooking (Minor) at 14:33
3rd period
9. Canadiens , Marek Svatos 33 (Viktor Kozlov) at 0:25
10. Canadiens , Patrick Marleau 30 (Viktor Kozlov) at 16:29
Penalties :
Matt Smaby (Que) for Hooking (Minor) at 4:03, Ryan Callahan (Mon) for Holding (Minor) at 9:18
Goalie Stats
Mikael Tellqvist (Mon), 15 saves from 17 shots - (0,882), L, 11-4-1, 32:48 minutes
Rick DiPietro (Mon), 12 saves from 16 shots - (0,750), 27:12 minutes
Jean-Sébastien Giguère (Que), 26 saves from 30 shots - (0,867), W, 17-15-4, 60:00 minutes
Players Stats for Canadiens
Player Name G A P +/- PIM S H SB GA TA FO MP PP MP PK MP
------------------------------------------------------------------------------------
Chris Dingman 0 0 0 0 0 2 0 2 0 0 0/0 11:22 0:00 2:05
Dave Scatchard 0 0 0 -2 0 2 1 0 1 0 2/3 12:27 0:00 2:00
Dennis Wideman 0 0 0 0 0 2 0 0 1 0 0/0 21:30 2:23 4:23
Éric Desjardins 0 1 1 0 0 1 0 0 0 2 0/0 20:01 1:35 5:16
Jamie Lundmark 0 0 0 0 0 1 5 0 0 1 4/7 12:00 0:00 2:28
Jeff Woywitka 0 0 0 0 0 3 3 0 0 1 0/0 27:50 1:35 4:23
Marek Svatos 2 1 3 3 0 4 1 0 0 0 0/0 16:15 1:38 0:00
Michel Ouellet 0 0 0 0 0 1 1 1 0 0 0/0 12:12 0:00 2:12
Mike Ribeiro 0 0 0 -1 0 2 0 0 0 0 3/9 16:05 1:38 2:40
Mike York 0 0 0 -1 2 3 0 0 2 0 0/0 14:53 1:38 0:24
Nicklas Lidstrom 0 0 0 1 0 0 0 1 0 1 0/0 21:52 2:23 0:00
Ossi Vaananen 0 0 0 -1 0 1 0 0 0 0 0/0 16:59 0:00 5:16
Patrick Marleau 2 0 2 3 2 2 2 0 0 0 4/6 21:00 2:20 4:02
Radim Vrbata 0 0 0 -1 0 1 2 0 0 0 0/1 14:26 2:20 0:00
Ruslan Fedotenko 0 0 0 -2 0 1 0 1 0 1 0/1 9:18 0:00 0:00
Ryan Callahan 0 0 0 -2 2 2 0 1 0 0 1/1 9:36 0:00 0:00
Tomas Kloucek 0 0 0 0 2 0 0 0 1 0 0/0 11:27 0:00 0:00
Viktor Kozlov 0 3 3 3 4 2 0 0 0 0 15/26 20:57 2:20 3:21
Players Stats for Nordiques
Player Name G A P +/- PIM S H SB GA TA FO MP PP MP PK MP
------------------------------------------------------------------------------------
Ales Kotalik 0 0 0 0 0 0 4 0 0 0 0/0 12:34 0:16 0:00
Alexei Ponikarovsky 0 0 0 1 0 2 3 0 0 0 1/2 10:19 0:06 0:50
Bryan McCabe 0 0 0 -2 0 1 2 0 0 0 0/0 22:26 3:28 1:02
Chris Phillips 0 2 2 -2 0 2 1 1 0 3 0/0 28:01 4:55 2:56
Éric Belanger 0 0 0 0 0 0 0 0 0 0 0/1 12:43 0:06 0:46
Jordan Eberle 0 0 0 1 0 1 0 0 1 0 0/2 19:23 5:27 0:00
Jordan Leopold 0 1 1 0 0 0 0 3 0 0 0/0 12:42 1:16 0:00
Lubomir Visnovsky 0 2 2 2 0 3 1 0 0 0 0/0 19:36 4:04 1:02
Matt Smaby 0 0 0 0 2 0 0 1 1 1 0/0 10:56 0:00 0:00
Mattias Weinhandl 0 0 0 1 0 0 0 0 0 0 0/0 8:29 0:00 0:00
Maxim Afinogenov 1 0 1 -2 0 3 2 0 0 0 0/1 16:53 3:56 0:55
Rickard Wallin 1 0 1 1 0 2 0 0 2 0 0/1 8:22 0:00 0:10
Ryan Bayda 0 0 0 0 0 0 0 0 0 0 2/3 12:22 0:00 1:10
Ryan Malone 0 0 0 -2 0 2 3 0 0 0 0/0 16:33 3:56 0:55
Ryan Whitney 1 1 2 2 0 1 0 0 0 0 0/0 25:52 5:35 2:56
Simon Gagné 2 0 2 1 0 7 3 0 1 0 1/1 22:14 5:37 2:13
Tyler Arnason 0 1 1 -2 0 1 0 0 0 1 9/13 15:38 3:56 0:00
Vincent Lecavalier 1 3 4 1 2 8 3 0 1 0 12/30 20:57 5:37 0:57
3 Stars
1 - Marek Svatos (Mon)
2 - Vincent Lecavalier (Que)
3 - Simon Gagné (Que)
Power Play
Canadiens - 0 on 2 Attempt(s) - 0,00%
Nordiques - 2 on 6 Attempt(s) - 33,33%
Penalty Kill
Canadiens - 4 on 6 Attempt(s) - 66,67%
- Score 0 goal in Penalty Kill
Nordiques - 2 on 2 Attempt(s) - 100,00%
- Score 0 goal in Penalty Kill
Official
Referees : L'Ecuyer Frederick and Rooney Chris
Linesman : Pierre Racicot and Tony Sericolo
Game Notes
Mikael Tellqvist enters game at 7:12 of 2nd period
Finance
Level 1 -- Attendance: 6000 (100,00%) -- Ticket Income 450 000 $
Level 2 -- Attendance: 4472 (89,44%) -- Ticket Income 178 880 $
Level 3 -- Attendance: 1851 (92,55%) -- Ticket Income 55 530 $
Level 4 -- Attendance: 3884 (97,10%) -- Ticket Income 58 260 $
Luxury Box -- Attendance: 1000 (100,00%) -- Ticket Income 140 000 $
Game was played at the Colisé Pepsi
Total Attendance: 17207 (95,59%)
Total Ticket Income: 882 670 $
Other Income: 132 400 $
Total Income: 1 015 070 $
Canadiens
5 vs 5 Forward
Center Left Wing Right Wing Time % Phy DF OF
1 Viktor Kozlov Patrick Marleau Marek Svatos 40 1 2 2
2 Mike Ribeiro Mike York Radim Vrbata 30 1 2 2
3 Jamie Lundmark Chris Dingman Michel Ouellet 20 1 2 2
4 Dave Scatchard Ruslan Fedotenko Ryan Callahan 10 1 2 2
5 vs 5 Defense
Defense Defense Time % Phy DF OF
1 Nicklas Lidstrom Jeff Woywitka 40 1 2 2
2 Éric Desjardins Dennis Wideman 30 1 2 2
3 Tomas Kloucek Ossi Vaananen 20 1 2 2
4 Nicklas Lidstrom Jeff Woywitka 10 1 2 2
PowerPlay Forward
Center Left Wing Right Wing Time % Phy DF OF
1 Viktor Kozlov Patrick Marleau Radim Vrbata 60 1 2 2
2 Mike Ribeiro Mike York Marek Svatos 40 1 2 2
PowerPlay Defense
Defense Defense Time % Phy DF OF
1 Nicklas Lidstrom Dennis Wideman 60 1 2 2
2 Jeff Woywitka Éric Desjardins 40 1 2 2
Penalty Kill 4 Players Forward
Center Wing Time % Phy DF OF
1 Viktor Kozlov Patrick Marleau 60 1 2 2
2 Jamie Lundmark Michel Ouellet 40 1 2 2
Penalty Kill 4 Players Defense
Defense Defense Time % Phy DF OF
1 Éric Desjardins Ossi Vaananen 60 1 2 2
2 Dennis Wideman Jeff Woywitka 40 1 2 2
Penalty Kill - 3 Players Forward
Forward Time % Phy DF OF
1 Viktor Kozlov 60 1 2 2
2 Jamie Lundmark 40 1 2 2
Penalty Kill - 3 Players Defense
Defense Defense Time % Phy DF OF
1 Éric Desjardins Ossi Vaananen 60 1 2 2
2 Dennis Wideman Jeff Woywitka 40 1 2 2
4 vs 4 Forward
Center Wing Time % Phy DF OF
1 Mike Ribeiro Patrick Marleau 60 1 2 2
2 Viktor Kozlov Mike York 40 1 2 2
4 vs 4 Defense
Defense Defense Time % Phy DF OF
1 Jeff Woywitka Dennis Wideman 60 1 2 2
2 Nicklas Lidstrom Jeff Woywitka 40 1 2 2
Last Minutes Offensive
Center Left Wing Right Wing Defense Defense
Mike Ribeiro Patrick Marleau Marek Svatos Nicklas Lidstrom Dennis Wideman
Last Minutes Defensive
Center Left Wing Right Wing Defense Defense
Viktor Kozlov Patrick Marleau Marek Svatos Nicklas Lidstrom Jeff Woywitka
Goaltenders
Starting : Rick DiPietro
Backup : Mikael Tellqvist
Extra Forwards
Normal : Radim Vrbata, Ryan Callahan, Dave Scatchard - PP : Ruslan Fedotenko, Dave Scatchard - PK : Mike Ribeiro
Extra Defensemen
Normal : Éric Desjardins, Ossi Vaananen, Tomas Kloucek - PP : Tomas Kloucek - PK : Nicklas Lidstrom, Tomas Kloucek
Penalty Shots
Patrick Marleau, Radim Vrbata, Mike Ribeiro, Marek Svatos, Viktor Kozlov
Nordiques
5 vs 5 Forward
Center Left Wing Right Wing Time % Phy DF OF
1 Vincent Lecavalier Simon Gagné Jordan Eberle 40 0 2 3
2 Tyler Arnason Ryan Malone Maxim Afinogenov 30 0 2 3
3 Éric Belanger Ryan Bayda Ales Kotalik 20 1 2 2
4 Rickard Wallin Alexei Ponikarovsky Mattias Weinhandl 10 1 2 2
5 vs 5 Defense
Defense Defense Time % Phy DF OF
1 Chris Phillips Bryan McCabe 40 0 2 3
2 Ryan Whitney Lubomir Visnovsky 30 0 2 3
3 Jordan Leopold Matt Smaby 20 0 3 2
4 Chris Phillips Ryan Whitney 10 1 2 2
PowerPlay Forward
Center Left Wing Right Wing Time % Phy DF OF
1 Vincent Lecavalier Simon Gagné Jordan Eberle 60 0 1 4
2 Tyler Arnason Ryan Malone Maxim Afinogenov 40 0 1 4
PowerPlay Defense
Defense Defense Time % Phy DF OF
1 Chris Phillips Ryan Whitney 60 0 2 3
2 Bryan McCabe Lubomir Visnovsky 40 0 2 3
Penalty Kill 4 Players Forward
Center Wing Time % Phy DF OF
1 Vincent Lecavalier Simon Gagné 60 1 4 0
2 Maxim Afinogenov Ryan Malone 40 1 4 0
Penalty Kill 4 Players Defense
Defense Defense Time % Phy DF OF
1 Chris Phillips Ryan Whitney 60 1 4 0
2 Bryan McCabe Lubomir Visnovsky 40 1 4 0
Penalty Kill - 3 Players Forward
Forward Time % Phy DF OF
1 Vincent Lecavalier 60 1 4 0
2 Simon Gagné 40 1 4 0
Penalty Kill - 3 Players Defense
Defense Defense Time % Phy DF OF
1 Chris Phillips Ryan Whitney 60 1 4 0
2 Bryan McCabe Lubomir Visnovsky 40 1 4 0
4 vs 4 Forward
Center Wing Time % Phy DF OF
1 Vincent Lecavalier Simon Gagné 60 0 2 3
2 Tyler Arnason Maxim Afinogenov 40 0 2 3
4 vs 4 Defense
Defense Defense Time % Phy DF OF
1 Chris Phillips Bryan McCabe 60 1 2 2
2 Ryan Whitney Lubomir Visnovsky 40 1 2 2
Last Minutes Offensive
Center Left Wing Right Wing Defense Defense
Vincent Lecavalier Simon Gagné Maxim Afinogenov Chris Phillips Ryan Whitney
Last Minutes Defensive
Center Left Wing Right Wing Defense Defense
Vincent Lecavalier Simon Gagné Maxim Afinogenov Chris Phillips Ryan Whitney
Goaltenders
Starting : Jean-Sébastien Giguère
Backup : Mike Smith
Extra Forwards
Normal : Maxim Afinogenov, Vincent Lecavalier, Simon Gagné - PP : Maxim Afinogenov, Simon Gagné - PK : Ryan Bayda
Extra Defensemen
Normal : Jordan Leopold, Matt Smaby, Bryan McCabe - PP : Jordan Leopold - PK : Matt Smaby, Bryan McCabe
Penalty Shots
Vincent Lecavalier, Simon Gagné, Maxim Afinogenov, Jordan Eberle, Ales Kotalik
% Time on Ice - Canadiens
Lines # - Real PCT - Wanted PCT - Time Play
Normal Forward
1 - 34% - 40% - 15:46
2 - 26% - 30% - 12:12
3 - 20% - 20% - 9:07
4 - 20% - 10% - 9:18
Normal Defense
1 - 37% - 40% - 16:58
2 - 31% - 30% - 14:13
3 - 26% - 20% - 11:53
4 - 7% - 10% - 3:19
PP Forward
1 - 59% - 60% - 2:20
2 - 41% - 40% - 1:38
PP Defense
1 - 60% - 60% - 2:23
2 - 40% - 40% - 1:35
PK Forward
1 - 77% - 60% - 7:22
2 - 23% - 40% - 2:12
PK Defense
1 - 54% - 60% - 5:11
2 - 46% - 40% - 4:23
PK3 Forward
1 - 100% - 60% - 0:05
2 - 0% - 40% - 0:00
PK3 Defense
1 - 100% - 60% - 0:05
2 - 0% - 40% - 0:00
44 Forward
1 - 0% - 60%
2 - 0% - 40%
44 Defense
1 - 0% - 60%
2 - 0% - 40%
Last Minute Offensive - 0:00
Last Minute Defensive - 0:00
Total
Forward - 60:00
Defense - 60:00
|
% Time on Ice - Nordiques
Lines # - Real PCT - Wanted PCT - Time Play
Normal Forward
1 - 33% - 40% - 15:18
2 - 25% - 30% - 11:42
3 - 24% - 20% - 11:11
4 - 18% - 10% - 8:12
Normal Defense
1 - 36% - 40% - 16:34
2 - 29% - 30% - 13:40
3 - 24% - 20% - 11:06
4 - 11% - 10% - 5:03
PP Forward
1 - 59% - 60% - 5:43
2 - 41% - 40% - 3:56
PP Defense
1 - 58% - 60% - 5:35
2 - 42% - 40% - 4:04
PK Forward
1 - 77% - 60% - 3:03
2 - 23% - 40% - 0:55
PK Defense
1 - 74% - 60% - 2:56
2 - 26% - 40% - 1:02
PK3 Forward
1 - 0% - 60%
2 - 0% - 40%
PK3 Defense
1 - 0% - 60%
2 - 0% - 40%
44 Forward
1 - 0% - 60%
2 - 0% - 40%
44 Defense
1 - 0% - 60%
2 - 0% - 40%
Last Minute Offensive - 0:00
Last Minute Defensive - 0:00
Total
Forward - 60:00
Defense - 60:00
|
Play by Play
1st period
0:01 of 1st period - Viktor Kozlov wins face-off versus Vincent Lecavalier in neutral zone.
0:47 of 1st period - Éric Belanger is hit by Michel Ouellet and loses puck.
0:58 of 1st period - Nicklas Lidstrom is hit by Ales Kotalik and loses puck.
1:20 of 1st period - Slapshot by Dennis Wideman.
1:20 of 1st period - Stopped by Jean-Sébastien Giguère without a rebound.
1:21 of 1st period - Patrick Marleau wins face-off versus Jordan Eberle in Nordiques zone.
1:24 of 1st period - Snap shot by Patrick Marleau.
1:24 of 1st period - Shot Blocked by Jordan Leopold.
1:36 of 1st period - Wrist shot by Simon Gagné.
1:36 of 1st period - Stopped by Rick DiPietro with a rebound.
1:48 of 1st period - Icing by Patrick Marleau.
1:49 of 1st period - Viktor Kozlov wins face-off versus Alexei Ponikarovsky in Canadiens zone.
1:49 of 1st period - Viktor Kozlov is hit by Bryan McCabe.
2:00 of 1st period - Snap shot by Marek Svatos.
2:00 of 1st period - Stopped by Jean-Sébastien Giguère with a rebound.
2:18 of 1st period - Snap shot by Patrick Marleau.
2:18 of 1st period - Shot Misses the Net.
2:28 of 1st period - Wrist shot by Marek Svatos.
2:28 of 1st period - Shot Misses the Net.
2:30 of 1st period - Backhand shot by Dennis Wideman.
2:30 of 1st period - Shot Misses the Net.
2:40 of 1st period - Snap shot by Patrick Marleau.
2:40 of 1st period - Goal by Patrick Marleau - Canadiens : 1 - Nordiques : 0.
2:41 of 1st period - Vincent Lecavalier wins face-off versus Mike Ribeiro in neutral zone.
2:51 of 1st period - Icing by Nicklas Lidstrom.
2:52 of 1st period - Vincent Lecavalier wins face-off versus Mike Ribeiro in Canadiens zone.
3:39 of 1st period - Snap shot by Mike York.
3:39 of 1st period - Stopped by Jean-Sébastien Giguère with a rebound.
3:41 of 1st period - Wrist shot by Mike Ribeiro.
3:41 of 1st period - Shot Misses the Net.
3:43 of 1st period - Snap shot by Mike York.
3:43 of 1st period - Shot Misses the Net.
3:53 of 1st period - Snap shot by Mike York.
3:53 of 1st period - Deflect By Radim Vrbata.
3:53 of 1st period - Stopped by Jean-Sébastien Giguère with a rebound.
3:55 of 1st period - Slapshot by Nicklas Lidstrom.
3:55 of 1st period - Shot Misses the Net.
3:57 of 1st period - Snap shot by Nicklas Lidstrom.
3:57 of 1st period - Deflect By Mike Ribeiro.
3:57 of 1st period - Stopped by Jean-Sébastien Giguère with a rebound.
3:59 of 1st period - Slapshot by Jeff Woywitka.
3:59 of 1st period - Shot Misses the Net.
4:01 of 1st period - Slapshot by Jeff Woywitka.
4:01 of 1st period - Shot Misses the Net.
4:03 of 1st period - Slapshot by Nicklas Lidstrom.
4:03 of 1st period - Shot Misses the Net.
4:05 of 1st period - Slapshot by Nicklas Lidstrom.
4:05 of 1st period - Shot Blocked by Chris Phillips.
5:19 of 1st period - Snap shot by Mike York.
5:19 of 1st period - Shot Misses the Net.
5:21 of 1st period - Slapshot by Jeff Woywitka.
5:21 of 1st period - Stopped by Jean-Sébastien Giguère with a rebound.
5:59 of 1st period - Snap shot by Mike Ribeiro.
5:59 of 1st period - Stopped by Jean-Sébastien Giguère without a rebound.
6:00 of 1st period - Jamie Lundmark wins face-off versus Vincent Lecavalier in Nordiques zone.
6:49 of 1st period - Dennis Wideman is hit by Alexei Ponikarovsky and loses puck.
6:56 of 1st period - Slapshot by Éric Desjardins.
6:56 of 1st period - Stopped by Jean-Sébastien Giguère with a rebound.
7:14 of 1st period - Matt Smaby is hit by Jamie Lundmark.
7:18 of 1st period - Dennis Wideman is hit by Vincent Lecavalier and loses puck.
7:37 of 1st period - Lubomir Visnovsky is hit by Marek Svatos.
8:17 of 1st period - Marek Svatos is hit by Ryan Malone and loses puck.
8:21 of 1st period - Icing by Éric Desjardins.
8:22 of 1st period - Tyler Arnason wins face-off versus Viktor Kozlov in Canadiens zone.
8:43 of 1st period - Icing by Éric Desjardins.
8:44 of 1st period - Vincent Lecavalier wins face-off versus Ruslan Fedotenko in Canadiens zone.
8:58 of 1st period - Marek Svatos is hit by Simon Gagné and loses puck.
9:08 of 1st period - Off-side.
9:09 of 1st period - Tyler Arnason wins face-off versus Jamie Lundmark in neutral zone.
9:39 of 1st period - Viktor Kozlov is hit by Vincent Lecavalier and loses puck.
10:19 of 1st period - Ryan Whitney is hit by Jamie Lundmark and loses puck.
10:47 of 1st period - Ruslan Fedotenko is hit by Ales Kotalik.
11:06 of 1st period - Slapshot by Chris Phillips.
11:06 of 1st period - Shot Misses the Net.
11:31 of 1st period - Michel Ouellet is hit by Maxim Afinogenov and loses puck.
12:06 of 1st period - Snap shot by Ruslan Fedotenko.
12:06 of 1st period - Stopped by Jean-Sébastien Giguère without a rebound.
12:07 of 1st period - Ryan Callahan wins face-off versus Tyler Arnason in Nordiques zone.
12:14 of 1st period - Snap shot by Ruslan Fedotenko.
12:14 of 1st period - Shot Blocked by Matt Smaby.
12:20 of 1st period - Matt Smaby is hit by Dave Scatchard and loses puck.
12:53 of 1st period - Wrist shot by Nicklas Lidstrom.
12:53 of 1st period - Shot Blocked by Jordan Leopold.
12:55 of 1st period - Snap shot by Ryan Callahan.
12:55 of 1st period - Shot Blocked by Jordan Leopold.
13:21 of 1st period - Wrist shot by Vincent Lecavalier.
13:21 of 1st period - Goal by Vincent Lecavalier - Canadiens : 1 - Nordiques : 1.
13:22 of 1st period - Tyler Arnason wins face-off versus Viktor Kozlov in neutral zone.
13:29 of 1st period - Wrist shot by Ryan Malone.
13:29 of 1st period - Stopped by Rick DiPietro with a rebound.
13:31 of 1st period - Slapshot by Bryan McCabe.
13:31 of 1st period - Stopped by Rick DiPietro with a rebound.
13:33 of 1st period - Slapshot by Chris Phillips.
13:33 of 1st period - Deflect By Ryan Malone.
13:33 of 1st period - Shot Misses the Net.
13:33 of 1st period - Puck is out of play.
13:34 of 1st period - Tyler Arnason wins face-off versus Viktor Kozlov in Canadiens zone.
13:35 of 1st period - Snap shot by Maxim Afinogenov.
13:35 of 1st period - Stopped by Rick DiPietro with a rebound.
14:03 of 1st period - Off-side.
14:04 of 1st period - Alexei Ponikarovsky wins face-off versus Jamie Lundmark in neutral zone.
14:35 of 1st period - Snap shot by Simon Gagné.
14:35 of 1st period - Shot Blocked by Nicklas Lidstrom.
15:27 of 1st period - Minor Penalty to Tomas Kloucek for Roughing.
15:28 of 1st period - Vincent Lecavalier wins face-off versus Viktor Kozlov in Canadiens zone.
15:33 of 1st period - Snap shot by Vincent Lecavalier.
15:33 of 1st period - Stopped by Rick DiPietro with a rebound.
15:35 of 1st period - Slapshot by Chris Phillips.
15:35 of 1st period - Shot Misses the Net.
15:37 of 1st period - Snap shot by Ryan Whitney.
15:37 of 1st period - Deflect By Patrick Marleau.
15:37 of 1st period - Goal by Ryan Whitney - Canadiens : 1 - Nordiques : 2.
15:38 of 1st period - Vincent Lecavalier wins face-off versus Viktor Kozlov in neutral zone.
15:53 of 1st period - Wrist shot by Vincent Lecavalier.
15:53 of 1st period - Stopped by Rick DiPietro without a rebound.
15:54 of 1st period - Mike Ribeiro wins face-off versus Tyler Arnason in Canadiens zone.
15:56 of 1st period - Icing by Nicklas Lidstrom.
15:57 of 1st period - Tyler Arnason wins face-off versus Mike Ribeiro in Canadiens zone.
15:58 of 1st period - Slapshot by Maxim Afinogenov.
15:58 of 1st period - Shot Misses the Net.
16:33 of 1st period - Snap shot by Patrick Marleau.
16:33 of 1st period - Shot Misses the Net.
16:49 of 1st period - Slapshot by Nicklas Lidstrom.
16:49 of 1st period - Deflect By Michel Ouellet.
16:49 of 1st period - Stopped by Jean-Sébastien Giguère with a rebound.
17:09 of 1st period - Snap shot by Ryan Whitney.
17:09 of 1st period - Shot Blocked by Ruslan Fedotenko.
17:11 of 1st period - Snap shot by Rickard Wallin.
17:11 of 1st period - Goal by Rickard Wallin - Canadiens : 1 - Nordiques : 3.
17:12 of 1st period - Vincent Lecavalier wins face-off versus Viktor Kozlov in neutral zone.
17:15 of 1st period - Wrist shot by Simon Gagné.
17:15 of 1st period - Stopped by Rick DiPietro with a rebound.
17:17 of 1st period - Minor Penalty to Viktor Kozlov for Holding.
17:18 of 1st period - Mike Ribeiro wins face-off versus Vincent Lecavalier in Canadiens zone.
17:31 of 1st period - Snap shot by Mike Ribeiro.
17:31 of 1st period - Shot Misses the Net.
17:33 of 1st period - Wrist shot by Éric Desjardins.
17:33 of 1st period - Shot Misses the Net.
17:43 of 1st period - Patrick Marleau is hit by Ryan Malone and loses puck.
19:17 of 1st period - Penalty to Viktor Kozlov is over, Viktor Kozlov is back on ice.
19:36 of 1st period - Snap shot by Mike York.
19:36 of 1st period - Shot Misses the Net.
19:38 of 1st period - Slapshot by Jeff Woywitka.
19:38 of 1st period - Stopped by Jean-Sébastien Giguère with a rebound.
19:40 of 1st period - Slapshot by Jeff Woywitka.
19:40 of 1st period - Stopped by Jean-Sébastien Giguère with a rebound.
19:56 of 1st period - Snap shot by Mike York.
19:56 of 1st period - Stopped by Jean-Sébastien Giguère without a rebound.
19:57 of 1st period - Jamie Lundmark wins face-off versus Maxim Afinogenov in Nordiques zone.
Goals for this period are 1 for Canadiens vs 3 for Nordiques.
Shots for this period are 14 for Canadiens vs 10 for Nordiques.
2nd period
0:01 of 2nd period - Viktor Kozlov wins face-off versus Vincent Lecavalier in neutral zone.
0:26 of 2nd period - Jeff Woywitka is hit by Bryan McCabe and loses puck.
0:51 of 2nd period - Snap shot by Chris Dingman.
0:51 of 2nd period - Shot Misses the Net.
0:55 of 2nd period - Snap shot by Chris Dingman.
0:55 of 2nd period - Stopped by Jean-Sébastien Giguère without a rebound.
0:56 of 2nd period - Viktor Kozlov wins face-off versus Vincent Lecavalier in Nordiques zone.
1:46 of 2nd period - Tomas Kloucek is hit by Ales Kotalik and loses puck.
2:07 of 2nd period - Snap shot by Lubomir Visnovsky.
2:07 of 2nd period - Stopped by Rick DiPietro with a rebound.
2:09 of 2nd period - Slapshot by Lubomir Visnovsky.
2:09 of 2nd period - Stopped by Rick DiPietro with a rebound.
2:11 of 2nd period - Wrist shot by Rickard Wallin.
2:11 of 2nd period - Stopped by Rick DiPietro without a rebound.
2:12 of 2nd period - Vincent Lecavalier wins face-off versus Patrick Marleau in Canadiens zone.
2:19 of 2nd period - Wrist shot by Simon Gagné.
2:19 of 2nd period - Stopped by Rick DiPietro with a rebound.
2:33 of 2nd period - Minor Penalty to Vincent Lecavalier for Holding.
2:34 of 2nd period - Ryan Bayda wins face-off versus Radim Vrbata in Nordiques zone.
2:45 of 2nd period - Slapshot by Dennis Wideman.
2:45 of 2nd period - Stopped by Jean-Sébastien Giguère without a rebound.
2:46 of 2nd period - Viktor Kozlov wins face-off versus Ryan Bayda in Nordiques zone.
2:49 of 2nd period - Wrist shot by Patrick Marleau.
2:49 of 2nd period - Shot Misses the Net.
2:51 of 2nd period - Wrist shot by Viktor Kozlov.
2:51 of 2nd period - Shot Misses the Net.
2:53 of 2nd period - Wrist shot by Viktor Kozlov.
2:53 of 2nd period - Stopped by Jean-Sébastien Giguère without a rebound.
2:54 of 2nd period - Ryan Bayda wins face-off versus Viktor Kozlov in Nordiques zone.
4:33 of 2nd period - Penalty to Vincent Lecavalier is over, Vincent Lecavalier is back on ice.
4:47 of 2nd period - Wrist shot by Tyler Arnason.
4:47 of 2nd period - Shot Misses the Net.
5:54 of 2nd period - Slapshot by Ales Kotalik.
5:54 of 2nd period - Shot Misses the Net.
6:10 of 2nd period - Off-side.
6:11 of 2nd period - Vincent Lecavalier wins face-off versus Dave Scatchard in neutral zone.
6:17 of 2nd period - Icing by Éric Desjardins.
6:18 of 2nd period - Dave Scatchard wins face-off versus Tyler Arnason in Canadiens zone.
6:48 of 2nd period - Ryan Whitney is hit by Jeff Woywitka.
7:08 of 2nd period - Wrist shot by Simon Gagné.
7:08 of 2nd period - Shot Misses the Net.
7:10 of 2nd period - Wrist shot by Simon Gagné.
7:10 of 2nd period - Stopped by Rick DiPietro with a rebound.
7:12 of 2nd period - Snap shot by Simon Gagné.
7:12 of 2nd period - Goal by Simon Gagné - Canadiens : 1 - Nordiques : 4.
7:12 of 2nd period - Mikael Tellqvist enters game.
7:13 of 2nd period - Vincent Lecavalier wins face-off versus Viktor Kozlov in neutral zone.
7:23 of 2nd period - Minor Penalty to Viktor Kozlov for Holding Stick.
7:24 of 2nd period - Mike Ribeiro wins face-off versus Vincent Lecavalier in Canadiens zone.
8:27 of 2nd period - Slapshot by Vincent Lecavalier.
8:27 of 2nd period - Shot Misses the Net.
8:29 of 2nd period - Slapshot by Ryan Whitney.
8:29 of 2nd period - Deflect By Simon Gagné.
8:29 of 2nd period - Stopped by Mikael Tellqvist with a rebound.
8:37 of 2nd period - Snap shot by Vincent Lecavalier.
8:37 of 2nd period - Shot Blocked by Chris Dingman.
8:39 of 2nd period - Slapshot by Chris Phillips.
8:39 of 2nd period - Stopped by Mikael Tellqvist without a rebound.
8:40 of 2nd period - Tyler Arnason wins face-off versus Patrick Marleau in Canadiens zone.
8:53 of 2nd period - Snap shot by Tyler Arnason.
8:53 of 2nd period - Stopped by Mikael Tellqvist without a rebound.
8:54 of 2nd period - Patrick Marleau wins face-off versus Tyler Arnason in Canadiens zone.
8:56 of 2nd period - Minor Penalty to Patrick Marleau for Tripping.
8:57 of 2nd period - Tyler Arnason wins face-off versus Mike Ribeiro in Canadiens zone.
9:01 of 2nd period - Slapshot by Maxim Afinogenov.
9:01 of 2nd period - Goal by Maxim Afinogenov - Canadiens : 1 - Nordiques : 5.
9:02 of 2nd period - Vincent Lecavalier wins face-off versus Viktor Kozlov in neutral zone.
9:05 of 2nd period - Viktor Kozlov is hit by Vincent Lecavalier and loses puck.
9:32 of 2nd period - Slapshot by Ryan Whitney.
9:32 of 2nd period - Shot Misses the Net.
10:56 of 2nd period - Penalty to Patrick Marleau is over, Patrick Marleau is back on ice.
12:19 of 2nd period - Wrist shot by Ruslan Fedotenko.
12:19 of 2nd period - Shot Misses the Net.
12:21 of 2nd period - Wrist shot by Ruslan Fedotenko.
12:21 of 2nd period - Deflect By Dave Scatchard.
12:21 of 2nd period - Stopped by Jean-Sébastien Giguère without a rebound.
12:22 of 2nd period - Viktor Kozlov wins face-off versus Vincent Lecavalier in Nordiques zone.
12:23 of 2nd period - Snap shot by Marek Svatos.
12:23 of 2nd period - Goal by Marek Svatos - Canadiens : 2 - Nordiques : 5.
12:24 of 2nd period - Viktor Kozlov wins face-off versus Vincent Lecavalier in neutral zone.
13:20 of 2nd period - Snap shot by Ruslan Fedotenko.
13:20 of 2nd period - Shot Misses the Net.
13:36 of 2nd period - Snap shot by Michel Ouellet.
13:36 of 2nd period - Deflect By Chris Dingman.
13:36 of 2nd period - Stopped by Jean-Sébastien Giguère with a rebound.
13:38 of 2nd period - Slapshot by Éric Desjardins.
13:38 of 2nd period - Shot Misses the Net.
13:40 of 2nd period - Slapshot by Éric Desjardins.
13:40 of 2nd period - Shot Misses the Net.
13:58 of 2nd period - Dennis Wideman is hit by Simon Gagné and loses puck.
14:21 of 2nd period - Slapshot by Maxim Afinogenov.
14:21 of 2nd period - Stopped by Mikael Tellqvist with a rebound.
14:24 of 2nd period - Icing by Jeff Woywitka.
14:25 of 2nd period - Tyler Arnason wins face-off versus Mike Ribeiro in Canadiens zone.
14:26 of 2nd period - Wrist shot by Maxim Afinogenov.
14:26 of 2nd period - Shot Misses the Net.
14:33 of 2nd period - Minor Penalty to Mike York for Hooking.
14:34 of 2nd period - Viktor Kozlov wins face-off versus Jordan Eberle in Canadiens zone.
14:38 of 2nd period - Slapshot by Ossi Vaananen.
14:38 of 2nd period - Stopped by Jean-Sébastien Giguère with a rebound.
15:06 of 2nd period - Slapshot by Ryan Whitney.
15:06 of 2nd period - Shot Misses the Net.
16:33 of 2nd period - Penalty to Mike York is over, Mike York is back on ice.
17:13 of 2nd period - Snap shot by Ryan Callahan.
17:13 of 2nd period - Stopped by Jean-Sébastien Giguère with a rebound.
17:40 of 2nd period - Wrist shot by Alexei Ponikarovsky.
17:40 of 2nd period - Stopped by Mikael Tellqvist without a rebound.
17:41 of 2nd period - Viktor Kozlov wins face-off versus Rickard Wallin in Canadiens zone.
18:07 of 2nd period - Marek Svatos is hit by Alexei Ponikarovsky and loses puck.
18:12 of 2nd period - Wrist shot by Mattias Weinhandl.
18:12 of 2nd period - Shot Misses the Net.
18:14 of 2nd period - Slapshot by Ryan Whitney.
18:14 of 2nd period - Deflect By Mattias Weinhandl.
18:14 of 2nd period - Shot Misses the Net.
18:14 of 2nd period - Puck is out of play.
18:15 of 2nd period - Vincent Lecavalier wins face-off versus Mike Ribeiro in Canadiens zone.
18:51 of 2nd period - Slapshot by Jeff Woywitka.
18:51 of 2nd period - Shot Misses the Net.
19:10 of 2nd period - Icing by Lubomir Visnovsky.
19:11 of 2nd period - Dave Scatchard wins face-off versus Éric Belanger in Nordiques zone.
19:18 of 2nd period - Snap shot by Dave Scatchard.
19:18 of 2nd period - Stopped by Jean-Sébastien Giguère without a rebound.
19:19 of 2nd period - Vincent Lecavalier wins face-off versus Viktor Kozlov in Nordiques zone.
19:24 of 2nd period - Snap shot by Chris Phillips.
19:24 of 2nd period - Stopped by Mikael Tellqvist with a rebound.
19:26 of 2nd period - Wrist shot by Vincent Lecavalier.
19:26 of 2nd period - Stopped by Mikael Tellqvist with a rebound.
19:28 of 2nd period - Snap shot by Simon Gagné.
19:28 of 2nd period - Goal by Simon Gagné - Canadiens : 2 - Nordiques : 6.
19:29 of 2nd period - Viktor Kozlov wins face-off versus Vincent Lecavalier in neutral zone.
Goals for this period are 1 for Canadiens vs 3 for Nordiques.
Shots for this period are 9 for Canadiens vs 15 for Nordiques.
3rd period
0:01 of 3rd period - Patrick Marleau wins face-off versus Vincent Lecavalier in neutral zone.
0:10 of 3rd period - Slapshot by Viktor Kozlov.
0:10 of 3rd period - Stopped by Jean-Sébastien Giguère without a rebound.
0:11 of 3rd period - Simon Gagné wins face-off versus Viktor Kozlov in Nordiques zone.
0:11 of 3rd period - Simon Gagné is hit by Patrick Marleau.
0:19 of 3rd period - Snap shot by Vincent Lecavalier.
0:19 of 3rd period - Stopped by Mikael Tellqvist without a rebound.
0:20 of 3rd period - Viktor Kozlov wins face-off versus Vincent Lecavalier in Canadiens zone.
0:25 of 3rd period - Snap shot by Marek Svatos.
0:25 of 3rd period - Goal by Marek Svatos - Canadiens : 3 - Nordiques : 6.
0:26 of 3rd period - Viktor Kozlov wins face-off versus Vincent Lecavalier in neutral zone.
0:53 of 3rd period - Bryan McCabe is hit by Radim Vrbata and loses puck.
1:14 of 3rd period - Wrist shot by Ryan Bayda.
1:14 of 3rd period - Shot Blocked by Michel Ouellet.
1:16 of 3rd period - Slapshot by Lubomir Visnovsky.
1:16 of 3rd period - Stopped by Mikael Tellqvist without a rebound.
1:17 of 3rd period - Jamie Lundmark wins face-off versus Vincent Lecavalier in Canadiens zone.
1:30 of 3rd period - Wrist shot by Vincent Lecavalier.
1:30 of 3rd period - Stopped by Mikael Tellqvist with a rebound.
1:32 of 3rd period - Backhand shot by Jordan Eberle.
1:32 of 3rd period - Stopped by Mikael Tellqvist with a rebound.
1:53 of 3rd period - Tomas Kloucek is hit by Ales Kotalik and loses puck.
2:08 of 3rd period - Slapshot by Marek Svatos.
2:08 of 3rd period - Stopped by Jean-Sébastien Giguère without a rebound.
2:09 of 3rd period - Viktor Kozlov wins face-off versus Vincent Lecavalier in Nordiques zone.
2:20 of 3rd period - Snap shot by Vincent Lecavalier.
2:20 of 3rd period - Stopped by Mikael Tellqvist with a rebound.
3:06 of 3rd period - Wrist shot by Ryan Callahan.
3:06 of 3rd period - Stopped by Jean-Sébastien Giguère with a rebound.
3:42 of 3rd period - Backhand shot by Marek Svatos.
3:42 of 3rd period - Shot Misses the Net.
4:03 of 3rd period - Minor Penalty to Matt Smaby for Hooking.
4:04 of 3rd period - Patrick Marleau wins face-off versus Vincent Lecavalier in Nordiques zone.
4:10 of 3rd period - Snap shot by Radim Vrbata.
4:10 of 3rd period - Shot Misses the Net.
4:12 of 3rd period - Snap shot by Viktor Kozlov.
4:12 of 3rd period - Shot Misses the Net.
4:14 of 3rd period - Wrist shot by Éric Desjardins.
4:14 of 3rd period - Deflect By Viktor Kozlov.
4:14 of 3rd period - Shot Misses the Net.
4:14 of 3rd period - Puck is out of play.
4:15 of 3rd period - Viktor Kozlov wins face-off versus Vincent Lecavalier in Nordiques zone.
4:24 of 3rd period - Wrist shot by Radim Vrbata.
4:24 of 3rd period - Shot Misses the Net.
5:40 of 3rd period - Marek Svatos is hit by Maxim Afinogenov and loses puck.
6:03 of 3rd period - Penalty to Matt Smaby is over, Matt Smaby is back on ice.
8:13 of 3rd period - Maxim Afinogenov is hit by Patrick Marleau and loses puck.
8:24 of 3rd period - Simon Gagné is hit by Jamie Lundmark.
8:36 of 3rd period - Bryan McCabe is hit by Jeff Woywitka.
8:42 of 3rd period - Nicklas Lidstrom is hit by Chris Phillips and loses puck.
9:18 of 3rd period - Minor Penalty to Ryan Callahan for Holding.
9:19 of 3rd period - Viktor Kozlov wins face-off versus Vincent Lecavalier in Canadiens zone.
9:34 of 3rd period - Slapshot by Simon Gagné.
9:34 of 3rd period - Shot Hit the Post.
10:36 of 3rd period - Icing by Chris Phillips.
10:37 of 3rd period - Tyler Arnason wins face-off versus Jamie Lundmark in Nordiques zone.
10:42 of 3rd period - Snap shot by Chris Phillips.
10:42 of 3rd period - Shot Misses the Net.
11:18 of 3rd period - Penalty to Ryan Callahan is over, Ryan Callahan is back on ice.
12:00 of 3rd period - Snap shot by Jamie Lundmark.
12:00 of 3rd period - Stopped by Jean-Sébastien Giguère with a rebound.
12:30 of 3rd period - Dennis Wideman is hit by Ryan Malone and loses puck.
12:46 of 3rd period - Alexei Ponikarovsky is hit by Radim Vrbata and loses puck.
13:52 of 3rd period - Snap shot by Michel Ouellet.
13:52 of 3rd period - Shot Misses the Net.
14:22 of 3rd period - Radim Vrbata is hit by Alexei Ponikarovsky and loses puck.
14:29 of 3rd period - Éric Desjardins is hit by Lubomir Visnovsky and loses puck.
15:12 of 3rd period - Snap shot by Ryan Malone.
15:12 of 3rd period - Stopped by Mikael Tellqvist with a rebound.
15:14 of 3rd period - Wrist shot by Tyler Arnason.
15:14 of 3rd period - Shot Blocked by Ryan Callahan.
15:16 of 3rd period - Slapshot by Bryan McCabe.
15:16 of 3rd period - Shot Hit the Post.
15:45 of 3rd period - Éric Belanger is hit by Jeff Woywitka and loses puck.
16:11 of 3rd period - Radim Vrbata is hit by Simon Gagné and loses puck.
16:29 of 3rd period - Snap shot by Patrick Marleau.
16:29 of 3rd period - Goal by Patrick Marleau - Canadiens : 4 - Nordiques : 6.
16:30 of 3rd period - Jamie Lundmark wins face-off versus Vincent Lecavalier in neutral zone.
16:33 of 3rd period - Simon Gagné is hit by Jamie Lundmark and loses puck.
17:02 of 3rd period - Snap shot by Marek Svatos.
17:02 of 3rd period - Shot Misses the Net.
17:46 of 3rd period - Slapshot by Vincent Lecavalier.
17:46 of 3rd period - Stopped by Mikael Tellqvist with a rebound.
18:04 of 3rd period - Mattias Weinhandl is hit by Jamie Lundmark and loses puck.
18:11 of 3rd period - Wrist shot by Alexei Ponikarovsky.
18:11 of 3rd period - Stopped by Mikael Tellqvist with a rebound.
18:13 of 3rd period - Slapshot by Bryan McCabe.
18:13 of 3rd period - Shot Blocked by Chris Dingman.
18:25 of 3rd period - Snap shot by Mike York.
18:25 of 3rd period - Stopped by Jean-Sébastien Giguère with a rebound.
Goals for this period are 2 for Canadiens vs 0 for Nordiques.
Shots for this period are 7 for Canadiens vs 8 for Nordiques.
Output by the SimonT Hockey Simulator (STHS) for François Prévost -- Original Page W3C XHTML 1.0 Valid